 Dungeon Crawl Stone Soup version 0.30-a0-1113-ga8025317a9 (webtiles) character file.

Game seed: 7943311855144254537

13769 Conn the Thaumaturge (level 12, -1/72 HPs)
             Began as an Octopode Fire Elementalist on Apr 20, 2023.
             Was a Priest of Sif Muna.
             Slain by an elephant (6 damage)
             ... on level 1 of the Lair of Beasts.
             The game lasted 00:36:58 (12612 turns).

Conn the Thaumaturge (Octopode Fire Elementalist)  Turns: 12612, Time: 00:36:59

Health: -1/72      AC:  3    Str:  7    XL:     12   Next: 9%
Magic:  1/26       EV: 13    Int: 22    God:    Sif Muna [***...]
Gold:   576        SH: 15    Dex: 13    Spells: 5/31 levels left

rFire   . . .      SeeInvis +    a - staff of conjuration
rCold   + + +      Faith    .    u - +2 kite shield
rNeg    . . .      Spirit   .    l - +2 hat
rPois   .          Reflect  +    y - amulet of reflection
rElec   .          Rampage  .    g - ring of protection from cold
rCorr   .                        o - ring of flight
Will    .....                    r - +4 ring of slaying
Stlth   +++++                    i - ring of protection from cold
HPRegen 0.32/turn                E - ring of protection from cold
MPRegen 0.20/turn                (no ring)
                                 (no ring)
                                 (no ring)

@: flying
A: almost no armour, amphibious, 8 rings, camouflage 1, gelatinous body 1,
(nimble swimmer 1), tentacles, see invisible, cold resistance 1, mutation
resistance 1, subdued magic 1
a: Renounce Religion, Channel Magic, Forget Spell


You were on level 1 of the Lair of Beasts.
You worshipped Sif Muna.
Sif Muna was most pleased with you.
You visited 2 branches of the dungeon, and saw 12 of its levels.

You collected 576 gold pieces.

Inventory:

Hand Weapons
 b - a +4 dagger of flaming
Missiles
 w - 3 throwing nets
Armour
 l - a +2 hat (worn)
 u - a +2 kite shield (worn)
 D - an orb of light
Magical Staves
 a - a staff of conjuration (weapon)
Jewellery
 g - a ring of protection from cold (left tentacle)
 i - a ring of protection from cold (on tentacle)
 o - a ring of flight (right tentacle)
 r - a +4 ring of slaying (on tentacle)
 t - an amulet of the acrobat
 y - an amulet of reflection (around mantle)
 E - a ring of protection from cold (on tentacle)
Wands
 p - a wand of quicksilver (4)
 x - a wand of roots (9)
 C - a wand of paralysis (13)
 H - a wand of mindburst (10)
Scrolls
 d - 5 scrolls of poison
 e - 2 scrolls of immolation
 h - 2 scrolls of identify
 k - 4 scrolls of fog
 n - a scroll of torment
 z - 3 scrolls of teleportation
 G - a scroll of enchant weapon
Potions
 c - 6 potions of curing
 f - a potion of resistance
 j - 5 potions of might
 m - 2 potions of cancellation
 q - 2 potions of flight
 s - 2 potions of brilliance
 v - a potion of haste
 A - 2 potions of magic
 B - 2 potions of mutation
 F - a potion of attraction


   Skills:
 + Level 2.6 Fighting
 + Level 4.1 Short Blades
 + Level 0.3 Staves
 * Level 5.0 Dodging
 - Level 8.0 Stealth
 * Level 2.4 Shields
 + Level 10.0 Spellcasting
 + Level 6.3 Conjurations
 + Level 1.4 Hexes
 * Level 2.0 Translocations
 + Level 10.0 Fire Magic
 + Level 3.2 Air Magic
 * Level 5.1 Invocations
 + Level 0.1 Evocations


You had 5 spell levels left.
You knew the following spells:

 Your Spells              Type           Power      Damage    Failure   Level
a - Foxfire               Conj/Fire      100%       2x1d9     1%          1
b - Scorch                Fire           84%        2d8       1%          2
c - Inner Flame           Hex/Fire       27%        N/A       4%          3
d - Flame Wave            Conj/Fire      52%        2d13      5%          4
e - Stone Arrow           Conj/Erth      56%        3d10      13%         3
f - Vhi's Electric Charg  Tloc/Air       34%        N/A       17%         3
g - Plasma Beam           Fire/Air       15%        2x1d29    87%         6
h - Iskenderun's Mystic   Conj/Tloc      33%        2d8       30%         4

Your spell library contained the following spells:

 Spells                   Type           Power      Damage    Failure   Level
 Volatile Blastmotes      Fire/Tloc      56%        2d14      3%          3
 Momentum Strike          Conj/Tloc      66%        3d9       4%          2
 Apportation              Tloc           30%        N/A       7%          1
 Dazzling Flash           Conj/Hex       64%        N/A       10%         3
 Sublimation of Blood     Necr           8%         N/A       24%         2
 Wereblood                Tmut           8%         N/A       24%         2
 Arcjolt                  Conj/Air       18%        1d28      54%         5
 Alistair's Intoxication  Tmut/Pois      5%         N/A       99%         5
 Starburst                Conj/Fire      26%        6d8       67%         6
 Summon Hydra             Summ           4%         N/A       100%        7


Dungeon Overview and Level Annotations

Branches:
Dungeon (11/15)            Temple (0/1) D:5            Lair (1/5) D:10
    Orc (0/2) D:9

Altars:
Ashenzari
Cheibriados
Okawaru
Qazlal
Sif Muna
Trog
Wu Jian
Xom
Yredelemnul

Shops:
D:2 *   D:7 *   D:9 :[[

Annotations:
D:3 Natasha


Innate Abilities, Weirdness & Mutations

You cannot wear most types of armour.
You are amphibious.
You can wear up to eight rings at the same time.
Your skin changes colour to match your surroundings (Stealth+).
Your rubbery body absorbs attacks. (AC +1, EV +1)
((You are camouflaged when in or above water. (Stealth+)))
You have tentacles for arms and can constrict up to eight enemies at once.
You have supernaturally acute eyesight. (SInv)
Your flesh is cold resistant. (rC+)
You are somewhat resistant to further mutation.
Your spells are a little easier to cast, but a little less powerful.


Message History

Your Dodging skill increases to level 5!
Your Translocations skill increases to level 2!
Your Fire Magic skill increases to level 10!
A wave of flame ripples out!
The flame wave engulfs the elephant!
The elephant is almost dead.
The flame wave engulfs the elephant!
The elephant is heavily wounded.
You finish channelling waves of flame.
The elephant tramples you!
* * * LOW HITPOINT WARNING * * *
You hold your ground!
You block the elephant's attack. x3
Casting: Flame Wave (dangerous; 5% risk of failure)
Confirm with . or Enter, or press ? or * to list all spells.
Casting: Flame Wave (dangerous; 5% risk of failure)
Press: ? - help, Dir - look around, f - activate You feel a surge of power!
A wave of flame ripples out!
The flame wave engulfs the elephant.
The elephant is almost dead.
The flame wave engulfs the elephant!
The elephant is severely wounded. (Press . to intensify the flame waves.)
The elephant tramples you!
* * * LOW HITPOINT WARNING * * *
You hold your ground!
The elephant trunk-slaps you.
* * * LOW HITPOINT WARNING * * *
You block the elephant's attack. x2
A wave of flame ripples out!
The flame wave engulfs the elephant.
The elephant is almost dead.
The flame wave engulfs the elephant!
The elephant is almost dead.
You block the elephant's attack. x2; The elephant closely misses you.
The elephant barely misses you.
A wave of flame ripples out!
The flame wave engulfs the elephant!
You kill the elephant!
Sif Muna accepts your kill.
The flame wave engulfs the elephant.
The elephant is almost dead.
The flame wave engulfs the polar bear!
The polar bear is moderately wounded.
You finish channelling waves of flame.
The elephant tramples you.
You die...

............
#.P#
...........#
#.##
...........P
##.#
........^..#
#..#
...........#
#.##
####.####.#
#.# ## #.# ##
###.# #.P#@..#
#.h.†Y.#
#......#....#
.....##..#####
##### #...
##... ...#.
#.#.# .# .


You could see an elephant and a polar bear.

Vanquished Creatures
  Gastronok (D:8)
  2 two-headed ogres
  A cyclops (D:11)
  Maurice (D:8)
  3 elephants (Lair:1)
  A cane toad (Lair:1)
  A black mamba (Lair:1)
  A komodo dragon (Lair:1)
  2 unseen horrors (D:11)
  5 trolls
  2 hornets (D:9)
  A wraith (D:11)
  Sigmund (D:6)
  3 wyverns
  7 yaks
  4 vampire mosquitoes (D:10)
  3 steam dragons
  Menkaure (D:5)
  3 acid dragons
  2 water moccasins (D:10)
  3 orc warriors
  3 ice beasts
  4 black bears
  A sky beast (D:6)
  An ogre (D:4)
  3 centaurs
  6 bullfrogs
  2 gnoll sergeants
  8 scorpions
  7 wights
  11 killer bees
  2 howler monkeys (D:11)
  2 hounds (D:6)
  5 orc priests
  A jelly (D:6)
  A gnoll bouda (D:7)
  4 iguanas
  A sleepcap (D:5)
  6 orc wizards
  A mummy (D:3)
  Robin (D:2)
  13 gnolls
  11 adders
  2 shadow imps
  A white imp (D:8)
  An ufetubus (D:7)
  33 orcs
  4 bats
  3 endoplasms
  15 giant cockroaches
  11 goblins
  6 hobgoblins
  4 ball pythons (D:4)
  5 frilled lizards
  7 kobolds
  3 rats
237 creatures vanquished.

Vanquished Creatures (collateral kills)
  2 foxfires (D:3)
2 creatures vanquished.

Vanquished Creatures (others)
  488 foxfires
  58 fungi
  55 plants
601 creatures vanquished.

Grand Total: 840 creatures vanquished

Notes
Turn   | Place    | Note
-------+----------+-------------------------------------------
     0 | D:1      | Conn the Octopode Fire Elementalist began the quest for the
                  | Orb.
     0 | D:1      | Reached XP level 1. HP: 11/11 MP: 3/3
  1098 | D:2      | Reached XP level 2. HP: 17/17 MP: 3/5
  1262 | D:2      | Noticed Robin
  1421 | D:3      | Found a snail-covered altar of Cheibriados.
  1428 | D:3      | Reached XP level 3. HP: 21/21 MP: 0/6
  1571 | D:3      | Found a faded altar of an unknown god.
  1657 | D:3      | Noticed Natasha
  1725 | D:2      | Learned a level 2 spell: Scorch
  1729 | D:2      | Learned a level 3 spell: Inner Flame
  2041 | D:2      | Found Mysol's General Store.
  2088 | D:2      | Killed Robin
  2089 | D:2      | Reached XP level 4. HP: 26/27 MP: 0/7
  2964 | D:3      | Noticed a scorpion
  2975 | D:3      | Killed a scorpion
  2976 | D:3      | Reached XP level 5. HP: 19/32 MP: 9/9
  3137 | D:3      | Reached skill level 1 in Short Blades
  3143 | D:3      | Reached XP level 6. HP: 11/37 MP: 0/10
  3857 | D:4      | Got Vehumet's Almanac of Blows
  3866 | D:4      | Learned a level 4 spell: Flame Wave
  3979 | D:4      | Reached skill level 1 in Fighting
  3992 | D:4      | Reached XP level 7. HP: 43/43 MP: 12/12
  4196 | D:4      | Found a shimmering blue altar of Sif Muna.
  4200 | D:4      | Became a worshipper of Sif Muna the Loreminder
  4286 | D:5      | Entered Level 5 of the Dungeon
  4290 | D:5      | Reached skill level 5 in Stealth
  4492 | D:5      | Found a shimmering altar of Xom.
  4498 | D:5      | Reached skill level 5 in Fire Magic
  4673 | D:5      | Noticed Menkaure
  4679 | D:5      | Killed Menkaure
  4680 | D:5      | Reached XP level 8. HP: 48/48 MP: 1/14
  4898 | D:5      | Found a staircase to the Ecumenical Temple.
  5237 | D:6      | Found an iron altar of Okawaru.
  5242 | D:6      | Reached * piety under Sif Muna
  5530 | D:6      | Noticed Sigmund
  5536 | D:6      | Killed Sigmund
  5537 | D:6      | Reached skill level 5 in Spellcasting
  5576 | D:7      | Reached XP level 9. HP: 15/53 MP: 2/17
  6049 | D:7      | Found Qaaxt's Gadget Gallery.
  6319 | D:7      | Found an ornate altar of the Wu Jian Council.
  6364 | D:7      | Reached skill level 5 in Conjurations
  7423 | D:7      | Found a bloodstained altar of Trog.
  7429 | D:7      | Reached ** piety under Sif Muna
  7890 | D:8      | Noticed Maurice
  7903 | D:8      | Paralysed by Maurice for 2 turns
  7908 | D:8      | Killed Maurice
  7909 | D:8      | Reached XP level 10. HP: 55/60 MP: 10/20
  8198 | D:8      | Found a stormy altar of Qazlal.
  8365 | D:8      | Gained mutation: You are vulnerable to cold. (rC-) [potion
                  | of mutation]
  8365 | D:8      | Gained mutation: You have supernaturally acute eyesight.
                  | (SInv) [potion of mutation]
  8365 | D:8      | Gained mutation: You are weak. (Str -2) [potion of
                  | mutation]
  8366 | D:8      | Lost mutation: You are weak. (Str -2) [potion of mutation]
  8366 | D:8      | Lost mutation: You are vulnerable to cold. (rC-) [potion of
                  | mutation]
  8366 | D:8      | Gained mutation: Your spells are a little easier to cast,
                  | but a little less powerful. [potion of mutation]
  8366 | D:8      | Gained mutation: Your flesh is cold resistant. (rC+)
                  | [potion of mutation]
  8366 | D:8      | Gained mutation: You are somewhat resistant to further
                  | mutation. [potion of mutation]
  8702 | D:8      | Noticed Gastronok
  8710 | D:8      | Killed Gastronok
  9323 | D:9      | Found Upni's Antique Armour Boutique.
  9325 | D:9      | Found Meclufet's Vocational Training.
  9343 | D:9      | Paralysed by a hornet for 3 turns
  9353 | D:10     | Entered Level 10 of the Dungeon
  9542 | D:10     | Learned a level 3 spell: Stone Arrow
  9546 | D:10     | Learned a level 3 spell: Vhi's Electric Charge
  9553 | D:10     | Learned a level 6 spell: Plasma Beam
  9631 | D:10     | Reached skill level 1 in Invocations
  9781 | D:10     | Noticed a two-headed ogre
  9791 | D:10     | Reached skill level 1 in Air Magic
  9791 | D:10     | Reached XP level 11. HP: 56/65 MP: 12/24
  9831 | D:10     | Killed a two-headed ogre
  9832 | D:10     | Reached skill level 1 in Hexes
 10169 | D:10     | Reached *** piety under Sif Muna
 10172 | D:10     | Found a staircase to the Lair.
 10292 | D:10     | Found a basalt altar of Yredelemnul.
 10822 | D:9      | Found a broken altar of Ashenzari.
 10835 | D:9      | Found Pauj Lom's Antique Armour Shop.
 10850 | D:9      | Found a staircase to the Orcish Mines.
 11452 | D:11     | Learned a level 4 spell: Iskenderun's Mystic Blast
 11530 | D:11     | Reached skill level 1 in Shields
 11907 | D:11     | Noticed a cyclops
 11917 | D:11     | Killed a cyclops
 12014 | D:11     | Noticed a two-headed ogre
 12037 | D:11     | Killed a two-headed ogre
 12038 | D:11     | Reached skill level 1 in Translocations
 12312 | Lair:1   | Entered Level 1 of the Lair of Beasts
 12468 | Lair:1   | Reached skill level 5 in Invocations
 12468 | Lair:1   | Reached XP level 12. HP: 72/72 MP: 16/25
 12608 | Lair:1   | Reached skill level 10 in Spellcasting
 12609 | Lair:1   | Reached skill level 5 in Dodging
 12609 | Lair:1   | Reached skill level 10 in Fire Magic
 12612 | Lair:1   | Slain by an elephant

Illustrated notes

Levels and vault maps discovered:
D:1:      dpeg_arrival_rhombus, layout_basic, minmay_misc_feat_pillars
D:2:      layout_basic, serial_shops, shop, minmay_misc_feat_roman, uniq_robin
D:3:      minmay_roachtagon, layout_rooms, slow_altar_2,
          dreamdust_ecumenical_altar_grove, minmay_misc_feat_rugged,
          uniq_natasha
D:4:      kennysheep_big_flooded_room, layout_basic,
          mainiacjoe_overflow_24_doors, serial_glass, glass_columns_c,
          glass_columns_a, kennysheep_generic_room_4
D:5:      layout_cave_pools, old_standard_altar, minmay_temple_entry_ruins,
          uniq_menkaure
D:6:      minmay_evil_eye, layout_gridville, okawaru_gym_becter,
          chequers_serial_rivers_micro_d, uniq_sigmund
D:7:      layout_loops_corners, lightli_temple_of_fire,
          nzn_wu_jian_contemplation, nicolae_shop_gadgets
D:8:      layout_loops_ring, nicolae_qazlal_scattered_showers, uniq_maurice,
          uniq_gastronok
D:9:      layout_layer_cave, evilmike_ruin_ashenzari, orc_0_dummy, serial_shops,
          shop, nicolae_inconvenience_store, nicolae_shop_vocational,
          uniq_erolcha
D:10:     layout_roguey, mainiacjoe_overflow_six_doors_small,
          due_lair_maze_entry_diamond
D:11:     layout_loops_ring, amcnicky_mini_pool_small
Lair:1:   layout_roguey, cheibrodos_lair_reptile_den, grunt_megastairs_5

Skill      XL: |  1  2  3  4  5  6  7  8  9 10 11 12 |
---------------+-------------------------------------+-----
Stealth        | 3 4 6 7 8 |  8.0
Conjurations   | 2 3 4 5 6 |  6.3
Fire Magic     | 4 5 6 7 9 10 | 10.0
Short Blades   | 1 2 3 4 |  4.1
Spellcasting   | 3 4 5 7 9 10 | 10.0
Fighting       | 1 2 |  2.6
Dodging        | 3 4 5 |  5.0
Invocations    | 1 5 |  5.1
Air Magic      | 1 3 |  3.2
Hexes          | 1 |  1.4
Shields        | 2 |  2.4
Translocations | 1 2 |  2.0
Staves         | |  0.3
Evocations     | |  0.1

Action                     |  1- 3 |  4- 6 |  7- 9 | 10-12 || total
---------------------------+-------+-------+-------+-------++-------
  Melee: Constrict         |     2 |    17 |    13 |    11 ||    43
         Unarmed           |     1 |       |       |       ||     1
         Dagger            |     5 |    52 |    57 |    31 ||   145
         Tentacles         |     1 |    10 |     9 |    17 ||    37
         Punch             |       |     1 |     3 |     1 ||     5
         Staff             |       |       |       |    14 ||    14
   Cast: Foxfire           |    68 |    51 |   112 |    50 ||   281
         Scorch            |       |     8 |    37 |    63 ||   108
         Inner Flame       |       |       |     6 |     9 ||    15
         Flame Wave        |       |       |       |    20 ||    20
         Stone Arrow       |       |       |       |     2 ||     2
  Evoke: Wand              |       |       |     1 |       ||     1
    Use: Potion            |     4 |     1 |       |     5 ||    10
         Scroll            |     3 |     9 |     4 |     9 ||    25
   Stab: Sleeping          |     1 |     6 |    15 |     5 ||    27
         Distracted        |       |       |       |     1 ||     1
 Armour: Skin              |     7 |     7 |     8 |    11 ||    33
  Dodge: Dodged            |    22 |    43 |    44 |    72 ||   181
  Block: Other             |       |       |     1 |       ||     1
         Orb               |       |       |       |    14 ||    14
         Kite shield       |       |       |       |    41 ||    41
         Reflection        |       |       |       |     1 ||     1

Table legend: (Time is in decaauts)
 A = Elapsed time spent in this place.
 B = Non-inter-level travel time spent in this place.
 C = Inter-level travel time spent in this place.
 D = Time resting spent in this place.
 E = Time spent auto-exploring this place.
 F = Levels seen in this place.
 G = Mean time per level.
                   A        B        C        D        E       F      G
               +--------+--------+--------+--------+--------+-----+--------+
         Total |  12572 |  12222 |    350 |    227 |   9502 |  12 | 1047.7 |
       Dungeon |  12294 |  11944 |    350 |    227 |   9277 |  11 | 1117.6 |
          Lair |    277 |    277 |      0 |      0 |    225 |   1 |  277.0 |
               +--------+--------+--------+--------+--------+-----+--------+

Top non-repeatable levels by time:
     D:7: 1670 daAuts
     D:9: 1322 daAuts
     D:2: 1290 daAuts
     D:1: 1228 daAuts
    D:10: 1137 daAuts
     D:8: 1051 daAuts
     D:3: 1032 daAuts
    D:11: 1000 daAuts
     D:5: 928 daAuts
     D:6: 900 daAuts
     D:4: 731 daAuts
  Lair:1: 277 daAuts
